 Dungeon Crawl Stone Soup version 0.28-a0-863-g8cecda6153 (webtiles) character file.

Game seed: 9064088744534582138

41 Woods the Magician (level 3, 0/25 HPs)
             Began as a Djinni Fire Elementalist on Nov 18, 2021.
             Slain by a bat (1 damage)
             ... on level 3 of the Dungeon.
             The game lasted 00:02:23 (1694 turns).

Woods the Magician (Djinni Fire Elementalist)       Turns: 1694, Time: 00:02:24

Health: 0/25       AC:  2    Str:  7    XL:     3   Next: 75%
Gold:   58         EV: 12    Int: 17    God:
                   SH:  0    Dex: 13

rFire   + + .      SeeInvis .   (no weapon)
rCold   x . .      Faith    .   (no shield)
rNeg    . . .      Spirit   .   a - +0 robe
rPois   ∞          Reflect  .   (no helmet)
rElec   .          Harm     .   (no cloak)
rCorr   .          Rampage  .   (no gloves)
Will    .....                   (boots unavailable)
Stlth   ++........              (no amulet)
HPRegen 0.08/turn               (no ring)
MPRegen 0.00/turn               (no ring)

@: mighty, flying
A: sickness immunity, fire resistance 2, cold vulnerability 1, float, innate
caster, hp casting, extra vitality 1
a: no special abilities


You were on level 3 of the Dungeon.
You visited 1 branch of the dungeon, and saw 3 of its levels.

You collected 58 gold pieces.

Inventory:

Armour
 a - a +0 robe (worn)
Scrolls
 b - a scroll of noise
 c - a scroll of silence


   Skills:
 - Level 2.4 Dodging
 - Level 1.6 Stealth
 + Level 3.3 Spellcasting


You couldn't memorise any spells.
You knew the following spells:

 Your Spells              Type           Power      Damage    Failure   Level
a - Foxfire               Conj/Fire      56%        2x1d6     4%          1
b - Scorch                Fire           28%        2d6       6%          2
c - Conjure Flame         Conj/Fire      14%        6-21      13%         3
d - Inner Flame           Hex/Fire       14%        N/A       13%         3
e - Flame Wave            Conj/Fire      14%        3d5       38%         4
f - Freeze                Ice            56%        1d7       4%          1
Your spell library was empty.

Dungeon Overview and Level Annotations

Branches:
Dungeon (3/15)

Altars:

Annotations:
D:3 Ijyb


Innate Abilities, Weirdness & Mutations

You are immune to sickness and miasma.
You are immune to poison.
Your flesh is very heat resistant. (rF++)
You are vulnerable to cold. (rC-)
You float through the air rather than walking.
You learn spells naturally, not from books.
Your magical power is your life essence.
You have superior vitality. (+4 HP)


Message History

Ijyb zaps a wand.
You resist with some effort.
You bump into the rock wall.
You feel less confused. The rat barely misses you.
A kobold comes into view. It is wielding a +0 short sword.
Ijyb zaps a wand.
You resist with some effort.
A ball python comes into view.
Found a glowing flail.
The ball python hisses angrily.
Found a stone staircase leading up.
Ijyb zaps a wand.
You resist with some effort.
A bat comes into view.
Found a scroll labelled SEFFUL IBUE.
Found a stone staircase leading down.
Found a stone staircase leading up.
The kobold shouts!
The bat hits you.
* * * LOW HITPOINT WARNING * * *
The bat misses you. The bat hits you but does no damage.
The bat barely misses you. The bat barely misses you. The bat misses you.
The bat hits you but does no damage. The bat misses you.
The bat barely misses you. The bat barely misses you. The bat hits you.
* * * LOW HITPOINT WARNING * * *
The bat closely misses you. The bat hits you but does no damage.
Ijyb screams, "Me kill you!" The ball python bites you.
* * * LOW HITPOINT WARNING * * *
The ball python grabs you. The ball python constricts you.
* * * LOW HITPOINT WARNING * * *
You escape the ball python's grasp.
The bat hits you but does no damage. The bat barely misses you.
The bat hits you.
You die...

.... #g####..#.#...#
...# #.#
##...##..###### ...#
#.# ##.r..........
...####.#
##)..........
...##g..# ####..##<..
)..#..### ##.##
.....## #..# ...###
######.###
...#########....@...#
.........r.g..Sb....#
..$#########........#
...# #........# ...#
########## ...# ...#
..## .##


You could see Ijyb, a bat, a ball python and a rat.

Vanquished Creatures
  An adder (D:3)
  A dart slug (D:1)
  A ball python (D:1)
  2 bats (D:1)
  An endoplasm (D:1)
  3 hobgoblins (D:1)
  4 jackals (D:1)
  3 kobolds (D:1)
  3 frilled lizards (D:1)
  6 goblins
  4 rats
29 creatures vanquished.

Vanquished Creatures (others)
  68 foxfires
68 creatures vanquished.

Grand Total: 97 creatures vanquished

Notes
Turn   | Place    | Note
-------+----------+-------------------------------------------
     0 | D:1      | Woods the Djinni Fire Elementalist began the quest for the
                  | Orb.
     0 | D:1      | Reached XP level 1. HP: 15/15 MP: 0/0
    48 | D:1      | Found a faded altar of an unknown god.
   337 | D:1      | Reached XP level 2. HP: 20/21 MP: 0/0
   846 | D:1      | Reached skill level 3 in Spellcasting
   927 | D:1      | Reached XP level 3. HP: 23/25 MP: 0/0
   927 | D:1      | Learned a level 1 spell: Freeze
  1618 | D:2      | You are sucked into a shaft and drop 1 floor!
  1630 | D:3      | Noticed Ijyb
  1639 | D:3      | HP: 1/25 [rat (1)]
  1691 | D:3      | HP: 1/25 [constriction (1)]
  1694 | D:3      | Slain by a bat

Illustrated notes

Levels and vault maps discovered:
D:1:      dpeg_arrival_another_circle, layout_loops_corners,
          shapermc_ecumenical_altar_mp_highgroup
D:2:      layout_basic, minmay_distorted, uniq_jessica
D:3:      layout_rooms, ashenzari_altar_1, st_stairs_13, uniq_sigmund, uniq_ijyb

Skill      XL: |  1  2 |
---------------+-------+-----
Spellcasting   | 3 |  3.3
Dodging        | |  2.4
Stealth        | |  1.6

Action                   || total
-------------------------++-------
Melee: Unarmed           ||     2
 Cast: Foxfire           ||    45
       Scorch            ||     8
  Use: Scroll            ||     2
       Potion            ||     1
Armor: Robe              ||     6
Dodge: Dodged            ||    16

Table legend: (Time is in decaauts)
 A = Elapsed time spent in this place.
 B = Non-inter-level travel time spent in this place.
 C = Inter-level travel time spent in this place.
 D = Time resting spent in this place.
 E = Time spent auto-exploring this place.
 F = Levels seen in this place.
 G = Mean time per level.
                   A        B        C        D        E       F      G
               +--------+--------+--------+--------+--------+-----+--------+
         Total |   1693 |   1643 |     50 |      0 |   1432 |   3 |  564.3 |
       Dungeon |   1693 |   1643 |     50 |      0 |   1432 |   3 |  564.3 |
               +--------+--------+--------+--------+--------+-----+--------+

Top non-repeatable levels by time:
     D:1: 1525 daAuts
     D:2: 92 daAuts
     D:3: 75 daAuts
